 Dungeon Sprint DCSS version 0.31-a0-963-ga325b2283a (webtiles) character file.

Game seed: 3186458086897374432

42047 sircluck the Brawler (level 13, -11/169 HPs)
             Began as a Troll Berserker on Oct 25, 2023.
             Was a High Priest of Trog.
             Mangled by a komodo dragon (26 damage)
             ... summoned by a white draconian stormcaller
             ... in the Dungeon (Sprint VII: "The Pits").
             The game lasted 00:13:36 (4019 turns).

sircluck the Brawler (Troll Berserker)              Turns: 4019, Time: 00:13:37

Health: -11/169    AC:  8    Str: 32    XL:     13   Next: 83%
Magic:  12/12      EV: 15    Int:  3    God:    Trog [*****.]
Gold:   50         SH: 11    Dex: 12    Spells: 12/12 levels left

rFire   . .          .
                       - Unarmed
rCold   . . .        z - +0 kite shield
rNeg    . . .        o - +0 troll leather armour
rPois   +            k - +2 hat {Stlth+}
rElec   .            (no cloak)
rCorr   .            (gloves unavailable)
SInv    +            (boots unavailable)
Will    .....        (no amulet)
Stlth   ++           m - +3 ring of dexterity
HPRegen 2.08/turn    y - ring of flight
MPRegen 0.13/turn

%: no teleportation
@: on berserk cooldown, flying, slowed, very slow
A: large, unfitting armour, claws 3, regeneration 1, shaggy fur 1, tough skin 1,
antennae 1, see invisible, poison resistance, robust 1, wild magic 1
a: Renounce Religion, Berserk, Trog's Hand, Brothers in Arms


You were in the Dungeon.
You worshipped Trog.
Trog was extremely pleased with you.
You visited 1 branch You collected 50 gold pieces.

Inventory:

Armour
 a - a +0 animal skin
 k - a +2 hat of stealth (worn)
 o - a +0 troll leather armour (worn)
 z - a +0 kite shield (worn)
 B - +0 ice dragon scales
Jewellery
 c - a +3 ring of intelligence
 m - a +3 ring of dexterity (left claw)
 x - a ring of willpower
 y - a ring of flight (right claw)
 C - an amulet of the acrobat
Wands
 t - a wand of iceblast (5)
 w - a wand of flame (4)
 A - a wand of digging (12)
 D - a wand of mindburst (6)
Scrolls
 i - 2 scrolls of vulnerability
 j - a scroll of butterflies
 p - 9 scrolls of enchant weapon
 r - a scroll of fear
 s - 4 scrolls of enchant armour
 u - 3 scrolls of identify
Potions
 b - 9 potions of curing
 d - 2 potions of haste
 e - 4 potions of magic
 f - 6 potions of berserk rage
 h - 2 potions of invisibility
 l - a potion of might
 n - 5 potions of heal wounds
 q - 2 potions of mutation
 v - a potion of attraction


   Skills:
 + Level 16.6 Fighting
 + Level 13.9 Armour
 + Level 16.6 Dodging
 + Level 10.4 Shields
 + Level 19.4 Unarmed Combat


You had 12 spell levels left.
You didn't know any spells.
Your spell library was empty.

Dungeon Overview and Level Annotations

Branches:
Dungeon (1/1)

Altars:
Ashenzari
Cheibriados
Dithmenos
Elyvilon
Fedhas
Gozag
Hepliaklqana
Kikubaaqudgha
Makhleb
Nemelex Xobeh
Okawaru
Qazlal
Ru
Sif Muna
Trog
Uskayaw
Vehumet
Wu Jian
Xom
Yredelemnul
Zin
The Shining One
Jiyva
Lugonu

Annotations:
D Geryon


Innate Abilities, Weirdness & Mutations

You are too large for most types of armour.
You have claws for hands.
Your natural rate of healing is unusually fast.
You are covered in fur. (AC +1)
You have tough skin. (AC +1)
You have a pair of small antennae on your head.
You have supernaturally acute eyesight. (SInv)
Your system is resistant to poisons. (rPois)
You are robust. (+10% HP)
Your spells are a little harder to cast, but a little more powerful.


Message History

* * * LOW HITPOINT WARNING * * *
The hell beast closely misses you.
The white draconian stormcaller mumbles some strange prayers to Qazlal against you.
Qazlal smites you!
* * * LOW HITPOINT WARNING * * *
You block the hell beast's attack. x2
Unknown command.
Unknown command.
Unknown command.
You feel much better. You block the hell beast's attack.
The hell beast barely misses you. The hell beast bites you!
You block the hell beast's attack.
The hell beast bites you but does no damage.
The hell beast misses you. You block the komodo dragon's attack.
The hell beast completely misses you. The hell beast tramples you!
* * * LOW HITPOINT WARNING * * *
You hold your ground!
The hell beast barely misses you. The hell beast tramples you.
* * * LOW HITPOINT WARNING * * *
You hold your ground!
The hell beast misses you. The hell beast barely misses you.
The komodo dragon completely misses you.
Unknown command.
Unknown command.
You feel much better. The hell beast closely misses you.
The hell beast tramples you.
You hold your ground!
You block the hell beast's attack. The hell beast tramples you!
You hold your ground!
You block the hell beast's attack. The hell beast closely misses you.
Geryon winds a great silver horn.
The hell beast bites you!
* * * LOW HITPOINT WARNING * * *
You block the hell beast's attack. x2; The hell beast tramples you!
* * * LOW HITPOINT WARNING * * *
You hold your ground!
The hell beast bites you but does no damage.
The hell beast tramples you!
* * * LOW HITPOINT WARNING * * *
You hold your ground!
The komodo dragon bites you!!
You die...

#+#
{##&##
#222#
+@lq#
##2##
#2#
#2#
#2#
#)#
#'#
#.#
#)#


You could see Geryon, a white draconian stormcaller, 7 hell beasts and a komodo
dragon (summoned).

Vanquished Creatures
  An ancient lich (D)
  A pearl dragon (D)
  An Ice Fiend (D)
  A lich (D)
  A deep elf master archer (D)
  A rockslime (D)
  A fire giant (D)
  A vampire knight (D)
  A yellow draconian (D)
  A mummy priest (D)
  An ice dragon (D)
  A spriggan air mage (D)
  A merfolk aquamancer (D)
  A two-headed ogre (D)
  2 death knights (D)
  A demonic crawler (D)
  An occultist (D)
  2 shadow wraiths (D)
  A bog body (D)
  An arcanist (D)
  2 unseen horrors (D)
  An elephant (D)
  A rime drake (D)
  A guardian mummy (D)
  3 merfolk (D)
  A tarantella (D)
  3 blink frogs (D)
  6 dream sheep (D)
  A snapping turtle (D)
  A spriggan (D)
  A ynoxinul (D)
  A wraith (D)
  A wyvern (D)
  3 redbacks (D)
  Grum (D)
  2 wargs (D)
  2 swamp drakes (D)
  A sky beast (D)
  2 wolves (D)
  A phantom (D)
  A bullfrog (D)
  An earth elemental (D)
  An iguana (D)
  2 mummies (D)
  2 gnolls (D)
  3 adders (D)
  2 river rats (D)
  An orc (D)
  2 ball pythons (D)
  A bat (D)
  A bat skeleton (D)
  A giant cockroach (D)
  A hobgoblin (D)
  6 jackals (D)
  A ball python simulacrum (D)
  A frilled lizard (D)
  A giant cockroach zombie (D)
85 creatures vanquished.

Vanquished Creatures (collateral kills)
  A tentacled monstrosity (D)
  A storm dragon (D)
  Gastronok (D)
  A nagaraja (D)
  A war gargoyle (D)
  A catoblepas (D)
  A hydra (D)
  A merfolk avatar (D)
  A death knight (D)
  A demonic crawler (D)
  An occultist (D)
  A fire crab (D)
  A soul eater (D)
  A deep troll (D)
  A spriggan druid (D)
  A phantasmal warrior (D)
  An orc knight (D)
  A deep elf pyromancer (D)
  A black mamba (D)
  2 eyes of devastation (D)
  A yaktaur (D)
  An unseen horror (D)
  3 kobold demonologists (D)
  A hellwing (D)
  A tyrant leech (D)
  A polar bear (D)
  A merfolk (D)
  5 blink frogs (D)
  A dream sheep (D)
  A vampire (D)
  A fire bat (D)
  2 redbacks (D)
  3 wolves (D)
  2 centaurs (D)
  A kobold brigand (D)
  A necrophage (D)
  A gnoll sergeant (D)
  A hound (D)
  A gnoll bouda (D)
  A hell rat (D)
  7 gnolls (D)
  An adder zombie (D)
  4 orcs (D)
  6 kobolds (D)
  2 frilled lizards (D)
71 creatures vanquished.

Vanquished Creatures (others)
  An orange demon (D)
1 creature vanquished.

Grand Total: 157 creatures vanquished

Notes
Turn   | Place    | Note
-------+----------+-------------------------------------------
     0 | D        | sircluck the Troll Berserker began the quest for the Orb.
     0 | D        | Reached XP level 1. HP: 22/22 MP: 0/0
    20 | D        | Reached XP level 2. HP: 17/31 MP: 1/1
    44 | D        | Found a bloodstained altar of Trog.
    44 | D        | Found a shimmering blue altar of Sif Muna.
    44 | D        | Found a viscous altar of Jiyva.
    44 | D        | Found a hazy altar of Hepliaklqana.
    44 | D        | Found an opulent altar of Gozag.
    45 | D        | Found a glowing golden altar of the Shining One.
    45 | D        | Found a glowing silver altar of Zin.
    45 | D        | Found a basalt altar of Yredelemnul.
    45 | D        | Found a shimmering altar of Xom.
    45 | D        | Found an ornate altar of the Wu Jian Council.
    45 | D        | Found a sacrificial altar of Ru.
    45 | D        | Found a stormy altar of Qazlal.
    45 | D        | Found an iron altar of Okawaru.
    45 | D        | Found a sparkling altar of Nemelex Xobeh.
    45 | D        | Found a burning altar of Makhleb.
    45 | D        | Found a blossoming altar of Fedhas.
    45 | D        | Found a white marble altar of Elyvilon.
    45 | D        | Found a shadowy altar of Dithmenos.
    45 | D        | Found a snail-covered altar of Cheibriados.
    48 | D        | Found a corrupted altar of Lugonu.
    48 | D        | Found a radiant altar of Vehumet.
    49 | D        | Found an ancient bone altar of Kikubaaqudgha.
    49 | D        | Found a hide-covered altar of Uskayaw.
    49 | D        | Found a broken altar of Ashenzari.
    90 | D        | Reached ** piety under Trog
    92 | D        | Reached skill level 4 in Unarmed Combat
   123 | D        | Reached *** piety under Trog
   124 | D        | Reached XP level 3. HP: 39/39 MP: 2/2
   146 | D        | Reached **** piety under Trog
   147 | D        | Reached skill level 5 in Unarmed Combat
   154 | D        | Noticed a gnoll sergeant
   169 | D        | Reached XP level 4. HP: 7/49 MP: 3/3
   170 | D        | Killed a gnoll sergeant
   171 | D        | Reached skill level 5 in Fighting
   171 | D        | Reached skill level 5 in Dodging
   171 | D        | Reached skill level 6 in Unarmed Combat
   173 | D        | Reached XP level 5. HP: 13/57 MP: 4/4
   245 | D        | Reached ***** piety under Trog
   262 | D        | Noticed a wolf
   262 | D        | Noticed a wolf
   281 | D        | Killed a wolf
   281 | D        | Received a gift from Trog
   282 | D        | Reached skill level 7 in Unarmed Combat
   291 | D        | Reached skill level 8 in Unarmed Combat
   291 | D        | Reached XP level 6. HP: 23/68 MP: 5/5
   376 | D        | Noticed a merfolk
   386 | D        | Killed a merfolk
   387 | D        | Reached skill level 9 in Unarmed Combat
   387 | D        | Reached XP level 7. HP: 39/80 MP: 6/6
   429 | D        | Reached skill level 10 in Unarmed Combat
   466 | D        | Noticed a deep troll
   473 | D        | HP: 4/81 [something (7)]
   473 | D        | Killed a deep troll
   474 | D        | Reached skill level 11 in Unarmed Combat
   474 | D        | Reached XP level 8. HP: 4/92 MP: 7/7
   474 | D        | Killed an unseen horror
   538 | D        | Found the +11 Singing Sword {sonic wave}
   677 | D        | Gained mutation: Your body sometimes deteriorates upon
                  | taking damage. [potion of mutation]
   677 | D        | Gained mutation: You have supernaturally acute eyesight.
                  | (SInv) [potion of mutation]
   677 | D        | Gained mutation: You have hidden genetic potential. [potion
                  | of mutation]
   721 | D        | Noticed a tarantella
   736 | D        | Reached skill level 10 in Fighting
   755 | D        | Killed a tarantella
   800 | D        | Noticed a two-headed ogre
   808 | D        | Killed a two-headed ogre
   809 | D        | Reached skill level 10 in Dodging
   809 | D        | Reached skill level 12 in Unarmed Combat
   809 | D        | Reached XP level 9. HP: 77/102 MP: 8/8
   836 | D        | Reached ****** piety under Trog
   839 | D        | Received a gift from Trog
   850 | D        | Gained mutation: You expend magic power (3 MP) to
                  | strengthen your wands. [hidden potential]
   897 | D        | Reached skill level 5 in Armour
   957 | D        | Noticed an elephant
   958 | D        | Noticed a guardian mummy
   966 | D        | Killed an elephant
   967 | D        | Reached skill level 13 in Unarmed Combat
   968 | D        | Killed a guardian mummy
  1013 | D        | Noticed a yaktaur
  1013 | D        | Noticed a shadow wraith
  1014 | D        | Received a gift from Trog
  1018 | D        | Killed a yaktaur
  1019 | D        | Reached XP level 10. HP: 106/114 MP: 9/9
  1052 | D        | Killed a shadow wraith
  1734 | D        | Noticed a phantasmal warrior
  1738 | D        | Gained mutation: You are agile. (Dex +4, Str/Int -1)
                  | [hidden potential]
  1738 | D        | Lost mutation: You have hidden genetic potential. [hidden
                  | potential expressed]
  1739 | D        | Received a gift from Trog
  1740 | D        | Noticed a shadow wraith
  1744 | D        | Killed a phantasmal warrior
  1745 | D        | Reached skill level 14 in Unarmed Combat
  1751 | D        | Killed a shadow wraith
  1801 | D        | Noticed an orange demon
  1816 | D        | Killed an orange demon
  1817 | D        | Lost mutation: Your body sometimes deteriorates upon taking
                  | damage. [potion of mutation]
  1817 | D        | Lost mutation: You expend magic power (3 MP) to strengthen
                  | your wands. [potion of mutation]
  1817 | D        | Lost mutation: You are agile. (Dex +4, Str/Int -1) [potion
                  | of mutation]
  1817 | D        | Gained mutation: You are robust. (+10% HP) [potion of
                  | mutation]
  1817 | D        | Gained mutation: Your system is resistant to poisons.
                  | (rPois) [potion of mutation]
  1817 | D        | Gained mutation: You have a pair of small antennae on your
                  | head. [potion of mutation]
  1817 | D        | Gained mutation: Your spells are a little harder to cast,
                  | but a little more powerful. [potion of mutation]
  1829 | D        | Received a gift from Trog
  1845 | D        | Noticed Grum
  1846 | D        | Reached XP level 11. HP: 91/136 MP: 10/10
  1848 | D        | Received a gift from Trog
  1850 | D        | Noticed a bog body
  1859 | D        | Reached skill level 15 in Unarmed Combat
  1859 | D        | Killed a bog body
  1861 | D        | Noticed a demonic crawler
  1864 | D        | Killed a demonic crawler
  1864 | D        | Received a gift from Trog
  1865 | D        | Killed Grum
  1871 | D        | Noticed a death knight
  1881 | D        | Killed a death knight
  1882 | D        | Received a gift from Trog
  2053 | D        | Noticed Gastronok
  2053 | D        | Noticed a spriggan druid
  2054 | D        | Noticed a sun demon
  2055 | D        | Noticed a deep elf pyromancer
  2056 | D        | Killed a spriggan druid
  2061 | D        | Noticed an orc knight
  2066 | D        | Received a gift from Trog
  2077 | D        | Noticed a sun demon
  2079 | D        | Noticed a sixfirhy
  2087 | D        | Killed a deep elf pyromancer
  2088 | D        | Reached skill level 10 in Armour
  2088 | D        | Reached skill level 16 in Unarmed Combat
  2098 | D        | Killed an orc knight
  2102 | D        | Killed Gastronok
  2102 | D        | Received a gift from Trog
  2567 | D        | Noticed a fire crab
  2567 | D        | Noticed a soul eater
  2567 | D        | Noticed a yellow draconian
  2567 | D        | Noticed a war gargoyle
  2568 | D        | Noticed a death knight
  2568 | D        | Noticed a nagaraja
  2570 | D        | Noticed a catoblepas
  2572 | D        | Killed a yellow draconian
  2572 | D        | Killed a war gargoyle
  2573 | D        | Reached XP level 12. HP: 86/152 MP: 11/11
  2579 | D        | Killed a catoblepas
  2583 | D        | Killed a nagaraja
  2585 | D        | Killed a death knight
  2585 | D        | Identified the +1 giant spiked club "Fuku" {flame, rF+ rC++
                  | Int-4 Dex+3} (Trog gifted it to you in the Dungeon)
  2585 | D        | Received a gift from Trog
  2586 | D        | Reached skill level 17 in Unarmed Combat
  2690 | D        | Noticed an eight-headed hydra
  2697 | D        | Reached skill level 5 in Shields
  2697 | D        | Killed a nine-headed hydra
  2697 | D        | Received a gift from Trog
  2704 | D        | Noticed a mummy priest
  2704 | D        | Noticed a merfolk avatar
  2710 | D        | Killed a merfolk avatar
  2713 | D        | Received a gift from Trog
  2720 | D        | Noticed a death knight
  2723 | D        | Killed a mummy priest
  2724 | D        | Reached skill level 15 in Fighting
  2727 | D        | Reached skill level 15 in Dodging
  2734 | D        | Killed a death knight
  2739 | D        | Noticed a vampire knight
  2743 | D        | Received a gift from Trog
  2753 | D        | Killed a vampire knight
  2784 | D        | Received a gift from Trog
  2817 | D        | Reached skill level 18 in Unarmed Combat
  2830 | D        | Reached XP level 13. HP: 124/165 MP: 12/12
  2934 | D        | Received a gift from Trog
  3028 | D        | Noticed a vampire knight
  3666 | D        | Noticed an ancient lich
  3680 | D        | Killed an ancient lich
  3708 | D        | Noticed a deep elf master archer
  3717 | D        | Killed a deep elf master archer
  3770 | D        | Noticed an Ice Fiend
  3778 | D        | Killed an Ice Fiend
  3829 | D        | Noticed a tentacled monstrosity
  3832 | D        | Killed a tentacled monstrosity
  3837 | D        | Noticed a pearl dragon
  3849 | D        | Killed a pearl dragon
  3849 | D        | Received a gift from Trog
  3850 | D        | Reached skill level 19 in Unarmed Combat
  3908 | D        | Noticed a rockslime
  3917 | D        | Killed a rockslime
  3962 | D        | Noticed a white draconian stormcaller
  3962 | D        | Noticed a lich
  3962 | D        | Noticed Geryon
  3962 | D        | Noticed a fire giant
  3962 | D        | Noticed a storm dragon
  3974 | D        | Killed a storm dragon
  3975 | D        | Reached skill level 10 in Shields
  3980 | D        | Killed a lich
  3989 | D        | Killed a fire giant
  4019 | D        | Mangled by a komodo dragon

Illustrated notes

Levels and vault maps discovered:
D:        pitsprint [storerooms_1, entrance_room_1, metal_vault_4, armoury_1,
          mini_pit_1, grid_room_1, main_hall_1, silver_pit, the_coven_1,
          the_vestibule_1, steel_vault_3, golden_pit, hallway_of_sentries,
          crystal_vault_5, iron_vault_2, final_vault]

Skill      XL: |  1  2  3  4  5  6  7  8  9 10 11 12 13 |
---------------+----------------------------------------+-----
Fighting       | 3 4 5 6 8 9 10 11 12 14 15 16 | 16.6
Dodging        | 3 4 5 6 8 9 10 11 12 14 15 16 | 16.6
Unarmed Combat | 4 5 6 8 9 11 12 13 14 16 18 19 | 19.4
Armour         | 4 6 8 10 12 13 | 13.9
Shields        | 2 7 10 | 10.4

Action                     |  1- 3 |  4- 6 |  7- 9 | 10-12 | 13-15 || total
---------------------------+-------+-------+-------+-------+-------++-------
  Melee: Unarmed           |    48 |    48 |    58 |   125 |   108 ||   387
         Punch             |     1 |     1 |     2 |     4 |       ||     8
 Invoke: Brothers in Arms  |     1 |       |     3 |    12 |     4 ||    20
         Berserk           |       |       |       |     4 |     3 ||     7
         Trog's Hand       |       |       |       |       |     1 ||     1
  Evoke: Wand              |       |       |       |     1 |       ||     1
    Use: Potion            |       |       |     2 |     4 |     5 ||    11
         Scroll            |       |       |       |     1 |     1 ||     2
   Stab: Distracted        |       |       |       |     1 |       ||     1
 Armour: Animal skin       |    45 |    34 |    21 |       |       ||   100
         Troll leather arm |       |       |    36 |    90 |    97 ||   223
  Dodge: Dodged            |    30 |    24 |    33 |    55 |    49 ||   191
  Block: Kite shield       |       |       |       |    17 |    43 ||    60

Table legend: (Time is in decaauts)
 A = Elapsed time spent in this place.
 B = Non-inter-level travel time spent in this place.
 C = Inter-level travel time spent in this place.
 D = Time resting spent in this place.
 E = Time spent auto-exploring this place.
 F = Levels seen in this place.
 G = Mean time per level.
                   A        B        C        D        E       F      G
               +--------+--------+--------+--------+--------+-----+--------+
         Total |   4024 |   3791 |    233 |   1948 |    481 |   1 | 4024.0 |
       Dungeon |   4024 |   3791 |    233 |   1948 |    481 |   1 | 4024.0 |
               +--------+--------+--------+--------+--------+-----+--------+

Top non-repeatable levels by time:
       D: 4024 daAuts
